AoeStats
← Dübel Dieter

Arabia

507988829Analyzed
1v1 RM · 12d ago on Sep 20, 2026· 42m 35s· 2 players
Game mode
Random Map
Map size
Tiny (2 player)
Population
200
Speed
Normal
Resources
Standard
Victory
Conquest
Starting age
Dark Age
Ending age
Imperial Age
RankedLock teamsTeams togetherTeam positionsShared explorationLock speedFull tech treeHidden civsTurbo modeCheats
Victory
Defeat
🇩🇪 Franks · Germany
1009
+17
🇷🇴 Sicilians · Romania
1038
-17
Dübel Dieter
5:39 Loom
10:30 Feudal Age
8:48 Loom
11:21 Double-Bit Axe
18:22 Castle Age
18:27 Scale Barding Armor
18:32 Forging
26:05 Iron Casting
28:18 Chain Barding Armor
35:41 Wheelbarrow
35:30 Bow Saw
37:31 Gold Mining
37:31 Stone Mining
38:28 Hand Cart
39:01 Gold Shaft Mining
40:56 Husbandry
Bleeq11
7:13 Loom
11:36 Feudal Age
13:36 Arson
23:09 Scale Mail Armor
25:42 Forging
25:39 Town Watch
25:52 Double-Bit Axe
27:13 Wheelbarrow
28:33 Fletching
Connection lost

Rejoining the realm…

Still unreachable

The connection could not be restored.

Session expired

The server has moved on; the page needs a fresh start.